Map: Simulacrum LE

Players

Pacomike

  • Race: Protoss Protoss
  • League: Grandmaster
  • Spawn Location: 11:00

BerryRAWR - Winner!

  • Race: Terran Terran
  • League: Grandmaster
  • Spawn Location: 5:00

VOD

Have the link to the VOD?

Description

Time

  • Played on: Feb. 21, 2020, 10:37 p.m.
  • Length: 17:37
Show
View Real Time Build Order
Export as new Build Order

Pacomike Protoss 

Build Orders: 1 Gate Expand, Blink Stalkers, Carriers, Colossus Rush 

Get SALT Encoding   

  12  0:00  Probe  
  13  0:13  Probe  
  14  0:17  Pylon  
  14  0:25  Probe (Chrono Boost)  
  15  0:37  Probe (Chrono Boost), Gateway  
  16  0:43  Probe (Chrono Boost)  
  16  0:46  Assimilator  
  17  0:51  Probe  
  18  1:03  Probe  
  19  1:15  Probe  
  20  1:24  Cybernetics Core  
  20  1:35  Nexus  
  20  1:37  Probe  
  21  1:45  Assimilator  
  21  1:49  Probe  
  21  1:53  Pylon  
  22  2:01  Probe  
  23  2:03  Warp Gate  
  23  2:08  Adept (Chrono Boost)  
  23  2:13  Probe  
  26  2:28  Probe, Stalker (Chrono Boost)  
  29  2:38  Twilight Council  
  29  2:43  Probe (Chrono Boost)  
  30  2:49  Probe (Chrono Boost)  
  30  2:51  Stalker  
  33  2:57  Probe x2 (Chrono Boost)  
  34  3:03  Probe (Chrono Boost)  
  36  3:07  Probe (Chrono Boost)  
  36  3:12  Blink (Chrono Boost)  
  36  3:15  Probe (Chrono Boost)  
  38  3:21  Probe (Chrono Boost)  
  38  3:22  Probe (Chrono Boost)  
  39  3:29  Probe x2  
  39  3:31  Robotics Facility  
  39  3:32  Gateway  
  40  3:41  Probe  
  40  3:42  Probe  
  40  3:46  Assimilator  
  42  3:53  Probe  
  42  3:54  Probe  
  44  3:58  Pylon  
  44  4:03  Pylon  
  44  4:05  Probe  
  44  4:06  Probe  
  46  4:14  Nexus  
  46  4:17  Probe, Stalker  
  46  4:19  Observer  
  46  4:20  Probe  
  51  4:32  Stalker  
  51  4:33  Probe  
  51  4:38  Probe  
  52  4:42  Stalker  
  54  4:45  Probe  
  54  4:50  Probe, Robotics Bay  
  56  4:55  Pylon  
  56  4:57  Probe  
  56  4:59  Charge  
  57  5:02  Probe  
  58  5:10  Probe  
  58  5:13  Immortal  
  63  5:14  Probe  
  63  5:20  Forge  
  64  5:21  Pylon  
  64  5:22  Probe  
  64  5:26  Probe  
  66  5:29  Probe  
  67  5:43  Gateway x2, Protoss Ground Weapons Level 1 (Chrono Boost)  
  67  5:44  Probe  
  67  5:46  Probe  
  67  5:49  Probe, Colossus (Chrono Boost)  
  70  5:55  Extended Thermal Lance (Chrono Boost)  
  70  5:56  Probe  
  77  5:59  Probe  
  78  6:05  Gateway  
  78  6:07  Gateway  
  78  6:08  Probe  
  79  6:11  Probe  
  79  6:12  Pylon  
  79  6:14  Probe  
  81  6:21  Probe  
  81  6:23  Probe  
  83  6:26  Probe  
  83  6:28  Gateway x2  
  83  6:29  Pylon  
  83  6:30  Assimilator  
  83  6:32  Assimilator  
  84  6:33  Assimilator  
  84  6:34  Probe  
  84  6:36  Observer (Chrono Boost)  
  85  6:43  Probe  
  85  6:45  Probe  
  85  6:46  Probe  
  82  6:50  Stalker x3  
  84  6:56  Probe  
  84  6:58  Probe x2  
  87  7:08  Probe, Colossus (Chrono Boost)  
  88  7:10  Probe x2  
  96  7:20  Probe, Observer  
  96  7:22  Probe x2  
  98  7:23  Shield Battery  
  98  7:27  Pylon  
  98  7:28  Protoss Ground Weapons Level 2 (Chrono Boost)  
  97  7:32  Probe  
  97  7:34  Probe  
  97  7:35  Probe  
  99  7:44  Probe  
  99  7:46  Probe, Gravitic Boosters  
  99  7:47  Probe  
  99  7:48  Stargate  
  99  7:51  Stalker  
  104  7:56  Observer  
  98  8:02  Probe  
  98  8:03  Probe  
  98  8:04  Probe  
  96  8:13  Stalker x4  
  96  8:14  Stalker  
  96  8:16  Probe  
  96  8:18  Probe  
  96  8:19  Probe  
  109  8:24  Forge  
  106  8:28  Probe  
  106  8:30  Probe  
  107  8:36  Stalker x4  
  107  8:37  Stalker  
  107  8:39  Probe  
  114  8:49  Probe x2  
  116  8:55  Robotics Bay  
  116  8:57  Robotics Facility  
  116  9:00  Probe  
  117  9:02  Protoss Ground Armor Level 1 (Chrono Boost)  
  117  9:14  Nexus  
  117  9:15  Pylon x2  
  117  9:18  Photon Cannon  
  117  9:19  Shield Battery  
  117  9:31  Pylon x2  
  117  9:33  Warp Prism, Probe x3, Pylon  
  120  9:42  Fleet Beacon  
  120  9:44  Stargate  
  120  9:45  Probe x3  
  120  9:49  Photon Cannon  
  123  9:57  Phoenix  
  123  9:58  Stalker x2  
  123  9:59  Stalker x2  
  132  10:04  Probe  
  132  10:05  Probe  
  132  10:06  Probe  
  122  10:17  Probe (Chrono Boost)  
  122  10:19  Probe (Chrono Boost)  
  122  10:20  Probe (Chrono Boost)  
  126  10:31  Probe (Chrono Boost)  
  126  10:33  Probe (Chrono Boost)  
  126  10:34  Probe (Chrono Boost)  
  125  10:38  Probe (Chrono Boost)  
  118  10:47  Probe x3  
  119  10:50  Stalker x5  
  119  10:51  Stalker  
  119  10:52  Probe  
  132  10:58  Observer  
  132  10:59  Probe x3  
  132  11:03  Carrier (Chrono Boost)  
  132  11:04  Carrier (Chrono Boost)  
  133  11:05  Protoss Ground Armor Level 2 (Chrono Boost)  
  133  11:07  Protoss Ground Weapons Level 3 (Chrono Boost)  
  133  11:11  Probe  
  145  11:18  Probe  
  145  11:21  Probe  
  146  11:26  Assimilator  
  146  11:28  Assimilator  
  145  11:37  Protoss Air Weapons Level 1  
  143  11:46  Stargate  
  143  11:48  Gravitic Drive  
  143  11:49  Photon Cannon  
  143  11:51  Photon Cannon  
  143  11:58  Warp Prism  
  143  12:00  Nexus  
  145  12:05  Pylon  
  145  12:07  Carrier (Chrono Boost)  
  145  12:08  Carrier (Chrono Boost), Pylon  
  145  12:11  Dark Shrine, Assimilator  
  157  12:19  Shield Battery  
  157  12:21  Stalker x4  
  163  12:25  Stalker  
  163  12:26  Stalker  
  166  12:33  Stalker x2  
  167  13:02  Immortal x2, Carrier (Chrono Boost)  
  167  13:03  Carrier (Chrono Boost)  
  161  13:33  Photon Cannon  
  161  13:34  Dark Templar x4  
  161  13:36  Photon Cannon  
  161  13:39  Photon Cannon  
  161  13:41  Shield Battery  
  169  13:44  Protoss Air Weapons Level 2 (Chrono Boost)  
  169  13:45  Stalker x3  
  169  13:46  Stalker  
  178  13:48  Observer  
  178  14:15  Photon Cannon  
  178  14:22  Carrier  
  178  14:23  Immortal, Carrier  
  178  14:33  Immortal, Assimilator  
  170  14:55  Stalker x2  
  170  14:56  Stalker x6  
  149  15:19  Stalker x5  
  149  15:20  Stalker x3  
  119  15:52  Stalker x6  
  119  15:53  Stalker x2  
  98  16:11  Nexus  
  82  16:26  Zealot x5  
  82  16:27  Zealot  
  94  16:53  Stalker x2  
  83  17:17  Nexus  
Show
View Real Time Build Order
Export as new Build Order

BerryRAWR Terran - Winner!

Build Orders:  

Get SALT Encoding   

  12  0:01  SCV  
  13  0:13  SCV  
  14  0:17  Supply Depot  
  14  0:25  SCV  
  15  0:33  Refinery  
  15  0:39  SCV  
  16  0:45  Barracks  
  16  0:51  SCV  
  17  1:03  SCV  
  18  1:15  SCV  
  20  1:34  Reaper, Orbital Command  
  20  1:46  Command Center  
  20  1:56  Factory  
  20  2:00  SCV  
  21  2:09  Barracks Reactor  
  21  2:13  SCV  
  22  2:15  Supply Depot  
  22  2:22  Refinery  
  22  2:25  SCV  
  23  2:37  SCV  
  24  2:46  Marine x2  
  24  2:47  Starport  
  24  2:49  SCV  
  29  2:51  Widow Mine  
  29  3:02  Orbital Command  
  29  3:03  Marine x2  
  33  3:12  Widow Mine  
  33  3:21  Marine x2  
  33  3:23  Medivac  
  37  3:39  Marine x2  
  37  3:40  Orbital Command  
  37  3:41  Factory Tech Lab  
  38  3:46  SCV  
  39  3:48  Supply Depot  
  39  3:58  SCV  
  40  4:06  SCV  
  41  4:10  SCV, Cloaking Field, Banshee  
  41  4:11  Bunker  
  41  4:12  Marine  
  41  4:13  Marine  
  41  4:14  Refinery  
  41  4:15  Starport  
  47  4:18  SCV  
  47  4:22  SCV, Supply Depot  
  49  4:30  Refinery, Marine  
  50  4:33  Marine  
  51  4:39  SCV x2  
  51  4:42  Factory Tech Lab  
  53  4:47  Marine  
  53  4:51  SCV x2, Starport Tech Lab  
  56  4:53  Banshee  
  56  4:59  Supply Depot  
  59  5:03  SCV x2  
  55  5:08  Siege Tank  
  58  5:14  Banshee  
  58  5:18  SCV  
  58  5:21  SCV  
  63  5:29  Marine x2  
  63  5:30  SCV  
  63  5:33  Hyperflight Rotors  
  66  5:40  Siege Tank  
  69  5:47  SCV  
  70  5:50  Supply Depot  
  70  5:53  Supply Depot  
  70  6:00  Command Center  
  70  6:05  Supply Depot, Engineering Bay  
  70  6:11  SCV x2  
  70  6:15  Siege Tank  
  70  6:18  Banshee  
  78  6:21  Banshee  
  78  6:24  SCV x2  
  83  6:33  Armory  
  83  6:36  Armory  
  83  6:52  SCV  
  83  6:53  SCV  
  85  6:55  Siege Tank  
  88  7:02  Fusion Core  
  88  7:03  Factory  
  88  7:05  SCV  
  88  7:07  Supply Depot x2  
  89  7:13  Missile Turret, Orbital Command  
  89  7:16  Missile Turret, Banshee  
  89  7:22  Terran Ship Weapons Level 1  
  92  7:23  Supply Depot  
  92  7:25  Terran Vehicle And Ship Armor Level 1  
  92  7:39  SCV  
  92  7:42  Orbital Command  
  93  7:48  Siege Tank  
  96  7:52  Refinery  
  96  7:53  Refinery  
  96  8:04  Banshee x2  
  102  8:08  SCV x3  
  105  8:22  SCV  
  105  8:25  SCV x2  
  105  8:27  Supply Depot x2  
  105  8:31  Supply Depot  
  105  8:37  Siege Tank  
  102  8:47  Battlecruiser  
  105  8:48  SCV  
  105  8:49  SCV  
  105  8:52  SCV  
  105  8:54  Battlecruiser  
  114  8:56  Command Center  
  114  9:01  SCV x2, Supply Depot  
  116  9:03  Sensor Tower  
  116  9:04  Hellion  
  116  9:05  Hellion  
  120  9:11  Supply Depot  
  120  9:13  SCV  
  120  9:16  Terran Ship Weapons Level 2  
  121  9:17  Supply Depot  
  121  9:19  Terran Vehicle And Ship Armor Level 2  
  123  9:24  Hellion  
  123  9:26  SCV, Hellion  
  126  9:38  Supply Depot x2  
  124  9:39  SCV  
  124  9:41  Hellion  
  129  9:45  Hellion  
  129  9:47  Hellion, Starport  
  129  9:49  SCV x2  
  129  9:50  Starport  
  129  9:51  SCV  
  134  10:01  SCV x2  
  134  10:03  SCV  
  134  10:06  Battlecruiser  
  143  10:12  Hellion x2, Siege Tank  
  150  10:24  Command Center  
  150  10:32  Refinery  
  150  10:36  Refinery  
  148  10:44  Siege Tank  
  148  10:47  Battlecruiser  
  140  10:58  Missile Turret  
  140  11:00  Hellion x2, Missile Turret  
  140  11:02  Missile Turret, Starport Tech Lab x2  
  141  11:04  Barracks Reactor  
  141  11:09  Factory  
  141  11:10  Factory  
  139  11:13  Sensor Tower  
  139  11:16  Siege Tank  
  142  11:20  Sensor Tower  
  142  11:21  Battlecruiser  
  142  11:23  SCV  
  149  11:26  Refinery  
  149  11:28  Missile Turret  
  149  11:29  Missile Turret  
  149  11:33  SCV  
  149  11:34  SCV  
  149  11:37  Planetary Fortress  
  151  11:47  Battlecruiser  
  157  11:48  SCV x2  
  157  11:53  SCV x2  
  161  11:56  Liberator  
  161  12:00  SCV  
  165  12:04  SCV, Missile Turret  
  165  12:05  SCV  
  165  12:08  Missile Turret  
  168  12:10  Orbital Command  
  168  12:13  Terran Vehicle And Ship Armor Level 3  
  168  12:15  Factory Tech Lab x2  
  167  12:21  Terran Ship Weapons Level 3  
  165  12:24  SCV  
  165  12:27  Hellion x3  
  166  12:46  Battlecruiser  
  166  12:48  Battlecruiser  
  178  12:57  SCV x3  
  173  13:00  SCV x2  
  171  13:06  Siege Tank  
  171  13:09  SCV  
  172  13:27  Battlecruiser  
  178  13:30  SCV  
  178  13:31  SCV x2  
  181  13:36  SCV x2  
  181  13:37  Command Center  
  181  13:40  Thor x2  
  189  13:43  SCV  
  189  13:46  SCV  
  191  13:50  SCV x3  
  191  13:52  Thor  
  200  13:58  Weapon Refit  
  196  14:24  Siege Tank  
  143  14:58  Siege Tank x2  
  155  15:01  Hellion  
  155  15:04  Banshee x2  
  155  15:05  Siege Tank  
  154  15:19  Raven  
  155  15:30  Siege Tank x2  
  144  16:04  Command Center  
  143  16:10  Command Center  
  140  16:36  Missile Turret  
  140  16:38  Supply Depot  
  140  16:40  Supply Depot x3  
  140  16:41  Supply Depot x2  
  140  16:51  Cyclone, Refinery  
  140  16:52  Missile Turret  
  140  16:53  SCV, Hellion, Refinery  
  140  16:54  SCV x2, Hellion  
  140  16:55  Hellion x2  
  145  17:03  Refinery  
  145  17:05  SCV  
  145  17:06  SCV  
  145  17:07  SCV  
  148  17:17  SCV  
  148  17:18  SCV, Refinery  
  148  17:19  SCV  
Tags
 
Add a new tag
Caveats
  • Supply blocks, unpowered buildings, or Contaminate may cause inaccurate times.
  • Supply counts are checked every 10 seconds.